 Dungeon Crawl Stone Soup version 0.27-a0-978-g2aa4ecdaef (webtiles) character file.

Game seed: 6739604122064480959

185324 Anon1729 the Eclecticist (level 18, -18/134 HPs)
             Began as a Djinni Air Elementalist on Apr 14, 2021.
             Was the Champion of Makhleb.
             Demolished by a deep elf blademaster
             ... wielding a +0 rapier
              (22 damage)
             ... on level 3 of the Elven Halls.
             The game lasted 02:17:47 (45350 turns).

Anon1729 the Eclecticist (Djinni Air Elementalist) Turns: 45350, Time: 02:17:47

Health: -18/134    AC:  8    Str:  7    XL:     18   Next: 44%
Gold:   566        EV: 20    Int: 31    God:    Makhleb [******] SH:  5 Dex: 15

rFire    + + .     SeeInvis +   z - +3 lajatang of Chaos {antimagic, Drain rElec Will++ Int+2}
rCold    . . .     Faith    .   (shield currently unavailable)
rNeg     . . .     Spirit   .   A - +1 robe of Disappointment {Int+5}
rPois    ∞         Reflect  +   m - +2 hat
rElec    +         Harm     .   K - +2 cloak {Stlth+}
rCorr    .         Rampage  .   (no gloves)
Will     +++..                  (boots unavailable)
Stlth    ++++++....             a - amulet of reflection
HPRegen  0.32/turn              k - ring of see invisible
MPRegen  0.00/turn              R - ring of protection from cold

@: flying
A: fire resistance 2, cold vulnerability 1, float, innate caster, hp casting,
extra vitality 1
a: Renounce Religion, Minor Destruction, Lesser Servant of Makhleb, Major
Destruction, Greater Servant of Makhleb


You were on level 3 of the Elven Halls.
You worshipped Makhleb.
Makhleb was exalted by your worship.
You visited 5 branches of the dungeon, and saw 27 of its levels.
You also visited: Ice Cave.

You collected 3526 gold pieces.
You spent 2960 gold pieces at shops.

Inventory:

Hand Weapons
 z - the +3 lajatang of Chaos (weapon) {antimagic, Drain rElec Will++ Int+2}
   (You found it on level 3 of the Lair of Beasts)

   It reduces the magical energy of the wielder, and disrupts the spells and
   magical abilities of those hit.
   Natural abilities and divine invocations are not affected.
   It affects your intelligence (+2).
   It insulates you from electricity.
   It drains your maximum health when unequipped.
   It greatly increases your willpower.
 M - the +10 war axe of Dishonour {vorpal, rElec rC+ rN+ Str-2}
   (You took it off a vampire on level 13 of the Dungeon)

   It inflicts extra damage upon your enemies.
   It affects your strength (-2).
   It protects you from cold.
   It insulates you from electricity.
   It protects you from negative energy.
 N - the +5 demon whip "Spellbinder" {antimagic, Will+}
   (You took it off an orc on level 2 of the Orcish Mines)

   It reduces the magical energy of the wielder, and disrupts the spells and
   magical abilities of those hit.
   Natural abilities and divine invocations are not affected.
   It increases your willpower.
Missiles
 d - 679 stones
 l - 8 boomerangs of dispersal
 p - 16 atropa-tipped darts
 P - a throwing net
Armour
 m - a +2 hat (worn)
 o - the +1 scale mail of Atheism {*Slow Fly Will+}
   (You bought it in a shop on level 3 of the Elven Halls)

   It grants you flight.
   It may slow you when you take damage.
   It increases your willpower.
 u - the +5 ring mail of Rerph {rPois}
   (You bought it in a shop on level 3 of the Elven Halls)

   It protects you from poison.
 A - the +1 robe of Disappointment (worn) {Int+5}
   (You bought it in a shop on level 1 of the Dungeon)

   It affects your intelligence (+5).
 K - a +2 cloak of stealth (worn)
Magical Staves
 T - a staff of air
Jewellery
 a - an amulet of reflection (around neck)
 g - the ring "Widd" {Wiz Int+5}
   (You found it on level 4 of the Dungeon)

   [ring of wizardry]

   It improves your spell success rate.
   It affects your intelligence (+5).
 k - a ring of see invisible (left hand)
 L - a +6 ring of dexterity
 R - a ring of protection from cold (right hand)
 U - a +6 ring of strength
 V - the ring of the Thistle {rPois rN+ EV+4}
   (You took it off a frost giant in an ice cave)

   [ring of evasion]

   It affects your evasion (+4).
   It protects you from poison.
   It protects you from negative energy.
 X - a ring of protection from cold
Wands
 j - a wand of flame (130)
 q - a wand of iceblast (17)
 y - a wand of polymorph (6)
 G - a wand of mindburst (27)
 H - a wand of acid (6)
 I - a wand of paralysis (16)
 J - a wand of charming (13)
Scrolls
 e - 3 scrolls of torment
 f - 15 scrolls of teleportation
 h - 4 scrolls of blinking
 i - 3 scrolls of fear
 n - 4 scrolls of fog
 v - 2 scrolls of summoning
 w - 3 scrolls of enchant armour
 C - 5 scrolls of enchant weapon
 D - 3 scrolls of brand weapon
 F - 5 scrolls of vulnerability
 O - 2 scrolls of silence
 S - 4 scrolls of magic mapping
 W - 8 scrolls of immolation
Potions
 b - 11 potions of curing
 c - 3 potions of heal wounds
 r - 5 potions of mutation
 s - 5 potions of resistance
 t - 5 potions of brilliance
 x - 6 potions of attraction
 B - a potion of haste
 E - 6 potions of might
 Q - 2 potions of invisibility
 Y - 2 potions of lignification
 Z - a potion of berserk rage


   Skills:
 + Level 13.7 Fighting
 - Level 8.0 Maces & Flails
 + Level 2.5 Armour
 + Level 15.1 Dodging
 + Level 13.0 Stealth
 * Level 16.3 Spellcasting
 * Level 3.9 Invocations


You had 4 spell levels left.
You knew the following spells:

 Your Spells              Type           Power      Damage    Failure   Level
a - Shock                 Conj/Air       100%       1d9       0%          1
b - Static Discharge      Conj/Air       91%        N/A       0%          2
c - Swiftness             Air            91%        N/A       0%          3
d - Airstrike             Air            45%        N/A       1%          4
e - Lightning Bolt        Conj/Air       45%        1d65      1%          5
f - Sandblast             Erth           100%       2d20      0%          1
g - Slow                  Hex            91%        N/A       0%          2
h - Wereblood             Tmut           91%        N/A       0%          2
i - Olgreb's Toxic Radia  Pois           91%        N/A       1%          4
j - Cause Fear            Hex            45%        N/A       1%          4
k - Metabolic Englaciati  Hex/Ice        45%        N/A       1%          5
l - Death Channel         Necr           45%        N/A       1%          6
m - Blade Hands           Tmut           45%        N/A       1%          6
Your spell library was empty.

Dungeon Overview and Level Annotations

Branches:
Dungeon (15/15)            Temple (1/1) D:5            Lair (6/6) D:11
  Swamp (0/4) Lair:2       Spider (0/4) Lair:2        Slime (0/5) Lair:5
    Orc (2/2) D:10            Elf (3/3) Orc:2        Vaults (0/5) D:14
 Depths (0/5) D:15          IceCv (visited)

Altars:
Ashenzari
Cheibriados
Dithmenos
Elyvilon
Fedhas
Gozag
Hepliaklqana
Kikubaaqudgha
Makhleb
Nemelex Xobeh
Okawaru
Qazlal
Ru
Sif Muna
Trog
Uskayaw
Vehumet
Wu Jian
Xom
Yredelemnul
Zin
The Shining One
Beogh

Shops:
D:1 [(   D:7 *   D:14 !   Orc:2 =?(=[   Elf:1 [?   Elf:2 [   Elf:3 *[

Annotations:
D:4 3 runed translucent doors, exclusion: 3 doors, DEFE's ghost, weakling DEDe; Lenkkari's ghost, amateur GrFi; Megustar's ghost, amateur DEFE; TheNamelessOne's ghost, novice OpCK
D:8 2 transporters
D:9 exclusion: obsidian statue
Elf:1 Roxanne
Elf:2 5 runed translucent doors


Innate Abilities, Weirdness & Mutations

You are immune to poison.
Your flesh is very heat resistant. (rF++)
You are vulnerable to cold. (rC-)
You float through the air rather than walking.
You learn spells naturally, not from books.
Your magical power is your life essence.
You have superior vitality. (+4 HP)


Message History

The bolt of lightning misses the deep elf blademaster.
You hear a shout! x2
The deep elf blademaster hits you with a +0 rapier! x2
Casting: Lightning Bolt (safe; 1% risk of failure)
Confirm with . or Enter, or press ? or * to list all spells.
Aiming: Lightning Bolt (safe; 1% risk of failure)
Press: ? - help, Shift-Dir - straight line You hear a mighty clap of thunder!
The bolt of lightning hits the deep elf blademaster!!
The deep elf blademaster is heavily wounded.
The bolt of lightning hits the deep elf blademaster!
The deep elf blademaster is severely wounded.
You block the deep elf blademaster's attack.
The deep elf blademaster hits you with a +0 rapier! x2
The deep elf blademaster completely misses you.
Casting: Lightning Bolt (safe; 1% risk of failure)
Confirm with . or Enter, or press ? or * to list all spells.
Aiming: Lightning Bolt (safe; 1% risk of failure)
Press: ? - help, Shift-Dir - straight line You hear a mighty clap of thunder!
The bolt of lightning hits the deep elf blademaster.
The deep elf blademaster is severely wounded.
The bolt of lightning hits the deep elf blademaster!
The deep elf blademaster is almost dead.
The deep elf blademaster hits you with a +0 rapier. x2
Casting: Lightning Bolt (safe; 1% risk of failure)
Confirm with . or Enter, or press ? or * to list all spells.
Aiming: Lightning Bolt (safe; 1% risk of failure)
Press: ? - help, Shift-Dir - straight line You hear a mighty clap of thunder!
The bolt of lightning misses the deep elf blademaster.
The bolt of lightning hits the deep elf blademaster!
The deep elf blademaster is almost dead.
The deep elf blademaster hits you with a +0 rapier!!
* * * LOW HITPOINT WARNING * * *
The deep elf blademaster closely misses you.
The deep elf blademaster hits you with a +0 rapier!!
* * * LOW HITPOINT WARNING * * *
The deep elf blademaster hits you with a +0 rapier!!
You die...

.##...##.##...# ###..############
.##.#..#.#..#.# #......)..)..)...
.##.##.....##.# #.[)...).......8.
.##.[##)).##..###)#.....##......)
.##..[##.##...##..#......##...###
.###..)#)#...####.#.).[)....###..
.# #.........####)#).....e###...8
## ##...<...###.#e#).....##......
## ###...#####.@.#...#.##....###
)## ########....#.....# ..# #
).##########......#)...## .
[)).[...[.........#....#
#[#[..............#..e##
#...)..[..........#.8.#
###.).............#...#
..#..#.....#......#...#
#.#..##...###.....#.8.'


You could see a deep elf blademaster.

Vanquished Creatures
  A deep elf blademaster (Elf:3)
  Frances (D:12)
  7 deep elf sorcerers (Elf:3)
  2 frost giants
  2 orc warlords (Orc:2)
  6 deep elf elementalists
  A stone giant (D:15)
  8 deep elf annihilators
  3 deep elf demonologists (Elf:3)
  Azrael (D:12)
  3 deep elf death magi (Elf:3)
  A fire dragon (D:14)
  3 deep elf high priests (Elf:3)
  8 hydras
  A centaur warrior (D:13)
  A boulder beetle (D:13)
  An ice dragon (D:14)
  4 catoblepae
  Erica (D:11)
  9 dancing weapons
  4 two-headed ogres
  10 death yaks
  2 tengu warriors
  5 orc high priests
  18 deep elf knights
  3 skeletal warriors (D:15)
  2 deep trolls (D:15)
  2 bog bodies (Lair:2)
  7 orc knights
  A wizard (Elf:1)
  2 necromancers
  26 deep elf archers
  7 ugly things
  34 deep elf pyromancers
  14 deep elf zephyrmancers
  2 oklob plants
  A moth of wrath (shapeshifter) (Elf:3)
  4 manticores
  7 orc sorcerers (Orc:2)
  8 cyclopes
  A moth of wrath (D:6)
  Maurice (Orc:1)
  2 torpor snails
  10 elephants
  8 black mambas
  A gargoyle (D:14)
  2 ice statues
  A cane toad (shapeshifter) (D:14)
  12 cane toads
  2 freezing wraiths
  Psyche (D:11)
  8 rime drakes
  8 komodo dragons
  2 efreet (D:15)
  A tengu conjurer (D:15)
  2 queen bees (shapeshifter)
  2 ice devils (Lair:2)
  5 trolls
  12 polar bears
  A jumping spider (shapeshifter) (D:14)
  A hornet (shapeshifter) (Elf:1)
  2 hornets
  Prince Ribbit (D:5)
  5 blink frogs (Lair:6)
  16 slime creatures
  4 dream sheep (Lair:5)
  Sigmund (D:3)
  2 redbacks (Lair:2)
  A shadow (D:12)
  3 air elementals (Elf:3)
  5 water elementals
  Eustachio (D:5)
  2 vampires
  2 wyverns
  A wyvern (shapeshifter) (D:13)
  72 yaks
  3 fire elementals
  Menkaure (D:6)
  A basilisk (Lair:3)
  A steam dragon (D:6)
  3 wargs
  18 vampire mosquitoes
  2 acid dragons
  21 water moccasins
  3 hell hounds (D:12)
  Duvessa (D:5)
  32 orc warriors
  20 ice beasts
  A sky beast (D:6)
  A hornet zombie (D:8)
  21 wolves
  5 ogres
  A boggart (Elf:1)
  16 centaurs
  3 kobold brigands
  7 bullfrogs
  A gnoll sergeant (D:5)
  An earth elemental (Elf:3)
  A scorpion (D:7)
  A wyvern skeleton (D:7)
  Dowan (D:5)
  A water moccasin skeleton (D:4)
  6 killer bees (D:9)
  6 howler monkeys
  9 electric eels
  3 centaur zombies
  2 lava snakes (D:13)
  A jelly (D:8)
  19 orc priests
  A hound (D:7)
  A bullfrog skeleton (D:6)
  2 iguanas
  A gnoll shaman (D:9)
  Natasha (thrice) (D:3)
  25 orc wizards
  A killer bee zombie (D:9)
  3 howler monkey zombies
  A howler monkey skeleton (D:7)
  4 adders
  13 gnolls
  2 shadow imps
  A white imp (D:8)
  2 ufetubi
  2 worms (D:6)
  5 dart slugs
  83 orcs
  10 endoplasms
  4 giant cockroaches
  4 goblins
  9 hobgoblins
  4 jackals
  14 kobolds
  3 quokkas
  10 ball pythons
  6 bats
  3 frilled lizards
  6 rats
  A bush (Lair:5)
  A fire vortex (D:13)
862 creatures vanquished.

Vanquished Creatures (collateral kills)
  A centaur warrior (D:14)
  2 death yaks (Lair:6)
  A deep elf pyromancer (Elf:3)
  A deep elf zephyrmancer (Elf:1)
  An elephant (Lair:6)
  A black mamba (Lair:6)
  A cane toad (Lair:6)
  A komodo dragon (Lair:6)
  A polar bear (Lair:6)
  An air elemental (Elf:1)
  8 yaks (Lair:6)
  A water moccasin (Lair:6)
  3 wolves (Lair:6)
  A boggart (Elf:1)
24 creatures vanquished.

Vanquished Creatures (others)
  A death yak (IceCv)
  6 polar bears (IceCv)
  A centaur simulacrum (D:15)
  6 yaks (IceCv)
  8 wolves (IceCv)
  56 fungi
  65 plants
143 creatures vanquished.

Grand Total: 1029 creatures vanquished

Notes
Turn   | Place    | Note
-------+----------+-------------------------------------------
     0 | D:1      | Anon1729 the Djinni Air Elementalist began the quest for
                  | the Orb.
     0 | D:1      | Reached XP level 1. HP: 15/15 MP: 0/0
   364 | D:1      | Reached XP level 2. HP: 18/21 MP: 0/0
   488 | D:1      | Found Zoanurhue's Weapon Shoppe.
   929 | D:1      | Reached skill level 3 in Spellcasting
  1114 | D:1      | Reached XP level 3. HP: 21/25 MP: 0/0
  1114 | D:1      | Learned a level 1 spell: Sandblast
  1410 | D:1      | Found Viuxym's Antique Armour Emporium.
  2337 | D:2      | Reached XP level 4. HP: 23/31 MP: 0/0
  3149 | D:2      | Reached XP level 5. HP: 30/35 MP: 0/0
  3149 | D:2      | Learned a level 2 spell: Slow
  3202 | D:2      | Reached skill level 4 in Spellcasting
  4163 | D:3      | Noticed Sigmund
  4175 | D:3      | Reached XP level 6. HP: 38/41 MP: 0/0
  4306 | D:3      | Found a hide-covered altar of Uskayaw.
  4682 | D:3      | Noticed Natasha
  4684 | D:3      | Killed Natasha
  4841 | D:3      | Noticed Natasha
  4851 | D:3      | Killed Natasha
  4852 | D:3      | Reached skill level 1 in Fighting
  4914 | D:3      | Noticed Natasha
  4916 | D:3      | Killed Natasha
  5373 | D:4      | Found a runed translucent gate.
  5373 | D:4      | Found a runed translucent gate.
  5373 | D:4      | Found a runed translucent gate.
  5375 | D:4      | Noticed TheNamelessOne's ghost (novice OpCK)
  5375 | D:4      | Noticed DEFE's ghost (weakling DEDe)
  5377 | D:4      | Noticed Megustar's ghost (amateur DEFE)
  5377 | D:4      | Noticed Lenkkari's ghost (amateur GrFi)
  5554 | D:4      | Identified the ring "Widd" {Wiz Int+5}
  5758 | D:4      | Reached XP level 7. HP: 20/48 MP: 0/0
  5758 | D:4      | Learned a level 2 spell: Wereblood
  6135 | D:5      | Entered Level 5 of the Dungeon
  6244 | D:5      | Noticed Prince Ribbit
  6250 | D:5      | Killed Prince Ribbit
  6251 | D:5      | Reached skill level 5 in Spellcasting
  6387 | D:5      | Found a staircase to the Ecumenical Temple.
  6396 | Temple   | Entered the Ecumenical Temple
  6620 | D:5      | Noticed Dowan
  6633 | D:5      | Noticed Duvessa
  6634 | D:5      | Killed Dowan
  6643 | D:5      | Killed Duvessa
  6969 | D:5      | Reached XP level 8. HP: 50/55 MP: 0/0
  7270 | D:5      | Reached skill level 5 in Dodging
  7760 | D:5      | Noticed Eustachio
  7766 | D:5      | Killed Eustachio
  7767 | D:5      | Reached skill level 6 in Spellcasting
  7894 | D:5      | Found a broken altar of Ashenzari.
  7927 | D:5      | Found a white marble altar of Elyvilon.
  8612 | D:6      | Noticed Menkaure
  8615 | D:6      | Killed Menkaure
  8616 | D:6      | Reached XP level 9. HP: 50/62 MP: 0/0
  8616 | D:6      | Learned a level 4 spell: Olgreb's Toxic Radiance
  8874 | D:6      | Reached skill level 5 in Stealth
  9126 | D:6      | Reached skill level 7 in Spellcasting
  9206 | D:6      | Noticed a moth of wrath
  9211 | D:6      | Killed a moth of wrath
  9369 | D:6      | Found a bloodstained altar of Trog.
  9388 | D:6      | Found a burning altar of Makhleb.
  9416 | D:6      | Became a worshipper of Makhleb the Destroyer
  9585 | D:7      | Reached skill level 5 in Fighting
 10541 | D:7      | Found Wuvvotzu's Assorted Antiques.
 10546 | D:7      | Bought a grey potion for 27 gold pieces
 10546 | D:7      | Bought a scroll labelled EMUFUD LUGE for 31 gold pieces
 10546 | D:7      | Bought a scroll labelled CIYNEO YKOC for 31 gold pieces
 10688 | D:1      | Bought a faintly glowing robe for 136 gold pieces
 10688 | D:1      | Identified the +1 robe of Disappointment {Int+5} (You
                  | bought it in a shop on level 1 of the Dungeon)
 10842 | D:3      | Killed Sigmund
 10843 | D:3      | Reached XP level 10. HP: 54/70 MP: 0/0
 11368 | D:8      | Reached skill level 8 in Spellcasting
 11517 | D:8      | Reached * piety under Makhleb
 11903 | D:8      | Noticed a manticore
 11903 | D:8      | Noticed a deep elf pyromancer
 11904 | D:8      | Found a shimmering altar of Xom.
 11905 | D:8      | Found a transporter.
 11905 | D:8      | Noticed a two-headed ogre
 11920 | D:8      | Found a transporter.
 11992 | D:8      | Noticed a swamp dragon
 11992 | D:8      | a wind drake changed into a swamp dragon
 12441 | D:8      | Found a snail-covered altar of Cheibriados.
 12797 | D:9      | Found an opulent altar of Gozag.
 13071 | D:9      | Noticed an obsidian statue
 13743 | D:10     | Entered Level 10 of the Dungeon
 13783 | D:10     | Reached ** piety under Makhleb
 13784 | D:10     | Reached skill level 9 in Spellcasting
 14282 | D:10     | Found an iron altar of Okawaru.
 14492 | D:10     | Reached XP level 11. HP: 59/78 MP: 0/0
 14492 | D:10     | Learned a level 4 spell: Cause Fear
 15062 | D:10     | Found a staircase to the Orcish Mines.
 15416 | Orc:1    | Entered Level 1 of the Orcish Mines
 15456 | Orc:1    | Noticed a cyclops
 15534 | Orc:1    | Killed a cyclops
 15800 | Orc:1    | Noticed an orc knight
 16038 | Orc:1    | Killed an orc knight
 16166 | Orc:1    | Found a runed translucent door.
 16308 | Orc:1    | Noticed Maurice
 16311 | Orc:1    | Killed Maurice
 16446 | Orc:1    | Noticed an orc high priest
 16450 | Orc:1    | Killed an orc high priest
 16451 | Orc:1    | Reached skill level 10 in Spellcasting
 16454 | Orc:1    | Reached *** piety under Makhleb
 16738 | Orc:2    | Entered Level 2 of the Orcish Mines
 16738 | Orc:2    | Found Mikhue's Jewellery Shop.
 16859 | Orc:2    | Noticed a two-headed ogre
 17124 | Orc:2    | Killed a two-headed ogre
 17410 | Orc:2    | Noticed an orc warlord
 17447 | Orc:2    | Noticed an orc warlord
 17447 | Orc:2    | Noticed an orc sorcerer
 17774 | Orc:2    | Found a staircase to the Elven Halls.
 17831 | Orc:2    | Killed an orc sorcerer
 17857 | Orc:2    | Killed an orc warlord
 17858 | Orc:2    | Reached XP level 12. HP: 25/87 MP: 0/0
 18672 | Orc:2    | Reached skill level 10 in Dodging
 18774 | Orc:2    | Killed an orc warlord
 18775 | Orc:2    | Reached skill level 11 in Spellcasting
 18906 | Orc:2    | Reached **** piety under Makhleb
 19141 | Orc:2    | Noticed an orc high priest
 19142 | Orc:2    | Noticed an orc high priest
 19144 | Orc:2    | Killed an orc high priest
 19147 | Orc:2    | Killed an orc high priest
 19869 | Orc:2    | Noticed an orc high priest
 19870 | Orc:2    | Killed an orc high priest
 19871 | Orc:2    | Reached XP level 13. HP: 48/94 MP: 0/0
 19871 | Orc:2    | Learned a level 5 spell: Metabolic Englaciation
 20185 | Orc:2    | Found Buphekaost's Antique Armour Shoppe.
 20185 | Orc:2    | Found Ykoen's Magic Scroll Shoppe.
 20186 | Orc:2    | Found Cefuddell's Jewellery Boutique.
 20186 | Orc:2    | Found Plog's Antique Weapon Boutique.
 20206 | Orc:2    | Bought a scroll of identify for 22 gold pieces
 20211 | Orc:2    | Bought a scroll of vulnerability for 82 gold pieces
 20211 | Orc:2    | Bought a scroll of fear for 38 gold pieces
 20211 | Orc:2    | Bought a scroll of teleportation for 33 gold pieces
 20211 | Orc:2    | Bought a scroll of blinking for 82 gold pieces
 20211 | Orc:2    | Bought a scroll of identify for 22 gold pieces
 20211 | Orc:2    | Bought a scroll of silence for 82 gold pieces
 20211 | Orc:2    | Bought a scroll of teleportation for 33 gold pieces
 20211 | Orc:2    | Bought a scroll of teleportation for 33 gold pieces
 20211 | Orc:2    | Bought a scroll of enchant armour for 82 gold pieces
 21053 | D:11     | Reached skill level 12 in Spellcasting
 21611 | D:11     | Noticed Erica
 21619 | D:11     | Killed Erica
 21774 | D:11     | Found a staircase to the Lair.
 21803 | D:11     | Noticed Psyche
 21806 | D:11     | Killed Psyche
 21996 | Lair:1   | Entered Level 1 of the Lair of Beasts
 22421 | Lair:1   | Reached skill level 10 in Fighting
 23102 | Lair:2   | Reached ***** piety under Makhleb
 23362 | Lair:2   | Found a staircase to the Swamp.
 23419 | Lair:2   | Reached skill level 1 in Maces & Flails
 23419 | Lair:2   | Reached skill level 10 in Stealth
 23683 | Lair:2   | Found a frozen archway.
 23710 | IceCv    | Entered an ice cave
 24129 | IceCv    | Reached XP level 14. HP: 99/103 MP: 0/0
 25367 | IceCv    | Identified the ring of the Thistle {rPois rN+ EV+4}
 25367 | IceCv    | Noticed a frost giant
 26137 | IceCv    | Killed a frost giant
 26138 | IceCv    | Reached skill level 13 in Spellcasting
 26788 | Lair:2   | Found a hole to the Spider Nest.
 27217 | Lair:3   | Identified the +3 lajatang of Chaos {antimagic, Drain rElec
                  | Will++ Int+2}
 29455 | Lair:5   | Reached ****** piety under Makhleb
 29616 | Lair:5   | Found a staircase to the Slime Pits.
 30152 | Lair:6   | Entered Level 6 of the Lair of Beasts
 30167 | Lair:6   | Reached XP level 15. HP: 99/111 MP: 0/0
 30167 | Lair:6   | Learned a level 6 spell: Death Channel
 31032 | Lair:6   | Reached skill level 14 in Spellcasting
 31506 | Lair:6   | Reached skill level 5 in Maces & Flails
 31982 | D:12     | Noticed Azrael
 31985 | D:12     | Killed Azrael
 32048 | D:12     | Noticed Frances
 32055 | D:12     | Killed Frances
 33615 | D:13     | Identified the +10 war axe of Dishonour {vorpal, rElec rC+
                  | rN+ Str-2}
 34298 | D:14     | Found Ahebrasi's Distillery.
 34338 | D:14     | Reached XP level 16. HP: 116/118 MP: 0/0
 34406 | D:14     | Found a gate to the Vaults.
 35599 | D:14     | Found a broken altar of Ashenzari.
 35707 | D:15     | Entered Level 15 of the Dungeon
 36050 | D:15     | Found a staircase to the Depths.
 36421 | D:15     | Reached skill level 15 in Spellcasting
 36932 | D:15     | Found a white marble altar of Elyvilon.
 37202 | Elf:1    | Entered Level 1 of the Elven Halls
 37427 | Elf:1    | Found Laneqelao's Armour Shoppe.
 38882 | Orc:2    | Bought a glowing hat for 266 gold pieces
 38882 | Orc:2    | Bought a dazzling scale mail for 342 gold pieces
 38882 | Orc:2    | Identified the +1 scale mail of the Neverending Curses
                  | {+Inv Int+2} (You bought it in a shop on level 2 of the
                  | Orcish Mines)
 38882 | Orc:2    | Bought a leather armour for 76 gold pieces
 38882 | Orc:2    | Bought a pitted chain mail for 361 gold pieces
 38882 | Orc:2    | Identified the +0 chain mail of Peek-a-Boo {rN+} (You
                  | bought it in a shop on level 2 of the Orcish Mines)
 38954 | Elf:1    | Identified Roxanne's Reference Book on Shape Shifting
 38954 | Elf:1    | Noticed Roxanne
 39303 | Elf:1    | Reached XP level 17. HP: 125/125 MP: 0/0
 39303 | Elf:1    | Learned a level 6 spell: Blade Hands
 39346 | Elf:1    | Found Mipsiudu's Magic Scroll Shop.
 39356 | Elf:1    | Bought a scroll of identify for 22 gold pieces
 39356 | Elf:1    | Bought a scroll of summoning for 104 gold pieces
 39356 | Elf:1    | Bought a scroll of identify for 22 gold pieces
 39356 | Elf:1    | Bought a scroll of identify for 22 gold pieces
 39356 | Elf:1    | Bought a scroll of teleportation for 33 gold pieces
 39356 | Elf:1    | Bought a scroll of teleportation for 33 gold pieces
 39356 | Elf:1    | Bought a scroll of immolation for 38 gold pieces
 39356 | Elf:1    | Bought a scroll of teleportation for 33 gold pieces
 39360 | Elf:1    | Bought a scroll of fear for 38 gold pieces
 39360 | Elf:1    | Bought a scroll of immolation for 38 gold pieces
 39360 | Elf:1    | Bought a scroll of immolation for 38 gold pieces
 39925 | Elf:2    | Found Qesuff's Antique Armour Boutique.
 40204 | Elf:2    | Found a huge runed translucent gate.
 40204 | Elf:2    | Found a huge runed translucent gate.
 40204 | Elf:2    | Found a huge runed translucent gate.
 40205 | Elf:2    | Found a huge runed translucent gate.
 40207 | Elf:2    | Found a huge runed translucent gate.
 40422 | Elf:3    | Entered Level 3 of the Elven Halls
 42148 | Elf:3    | Reached skill level 16 in Spellcasting
 42372 | Elf:3    | Found Liuquryi's Assorted Antiques.
 42400 | Elf:3    | Bought a scroll of blinking for 292 gold pieces
 42696 | Elf:3    | Found Iser's Antique Armour Boutique.
 42704 | Elf:3    | Bought a twisted scale mail for 234 gold pieces
 42704 | Elf:3    | Identified the +1 scale mail of Atheism {*Slow Fly Will+}
                  | (You bought it in a shop on level 3 of the Elven Halls)
 42704 | Elf:3    | Bought a fading ring mail for 234 gold pieces
 42704 | Elf:3    | Identified the +5 ring mail of Rerph {rPois} (You bought it
                  | in a shop on level 3 of the Elven Halls)
 42999 | Elf:3    | Reached XP level 18. HP: 117/133 MP: 0/0
 43180 | Elf:3    | Reached skill level 1 in Invocations
 43674 | Elf:3    | Reached skill level 1 in Armour
 44449 | Elf:3    | Reached skill level 15 in Dodging
 44827 | Elf:3    | Identified the +10 quarterstaff of False Hope {venom, Drain
                  | rPois rN+ Int+3}
 44929 | Elf:3    | Noticed a deep elf blademaster
 44937 | Elf:3    | Killed a deep elf blademaster
 44937 | Elf:3    | Noticed a deep elf blademaster
 45199 | Elf:3    | Noticed a deep elf blademaster
 45303 | Elf:3    | Noticed a deep elf blademaster
 45350 | Elf:3    | HP: 4/134 [deep elf blademaster/+0 rapier (22)]
 45350 | Elf:3    | Demolished by a deep elf blademaster

Illustrated notes

Levels and vault maps discovered:
D:1:      sevenhm_arrival_forest_fort_large_2, layout_basic, serial_shops,
          shop_fountains, shop
D:2:      cheibrodos_helix_gallery, layout_rooms, minmay_surrounded
D:3:      layout_loops_corners, nicolae_uskayaw_suspiria,
          hangedman_decor_slide_cut, uniq_natasha, uniq_sigmund
D:4:      layout_basic, lemuel_doored_altar, gammafunk_ghost_cemetery,
          minmay_misc_feat_diagonals
D:5:      layout_loops_corners, grunt_temple_overflow_open, temple_pool_b,
          uniq_duvessa, uniq_eustachio, uniq_prince_ribbit1
D:6:      layout_loops_cross, kennysheep_little_box, tgw_trog, minivault_27,
          water_boxes_lemuel, uniq_menkaure
D:7:      layout_basic, serial_shops, shop, dk_noncrumbling_2,
          chequers_serial_rivers_micro_b
D:8:      layout_loops_ring, kennysheep_slug_shrine,
          gammafunk_temple_overflow_arena, hangedman_decor_peaks_small
D:9:      layout_irregular_city, lemuel_tele_altar, minivault_16
D:10:     layout_loops_ring, lemuel_round_altar, david_orc_4, st_stairs_12,
          minmay_misc_feat_four_crosses
D:11:     layout_loops_cross, lair_entry_dummy, minmay_radiant, uniq_erica,
          uniq_psyche
D:12:     layout_loops_ring, minivault_14, uniq_azrael, uniq_frances
D:13:     layout_basic
D:14:     minmay_twisted_water, layout_basic, david_vaults_4,
          evilmike_ruin_ashenzari, serial_shops, nicolae_shop_crystal
D:15:     hangedman_depths_entry_civil_slaughter, layout_loops_ring,
          chequers_serial_rivers_micro_c, nicolae_elyvilon_peaceful_grove
Temple:   minmay_temple_bridge_abc
Lair:1:   layout_chaotic_city, serial_rivers, chequers_serial_rivers_small_3,
          chequers_serial_rivers_large_a, chequers_serial_rivers_marsh,
          chequers_serial_rivers_small_a, chequers_serial_rivers_small_b,
          lemuel_fruit_fields, infiniplex_staircase_pool
Lair:2:   layout_cave_pods, skrybe_swamp_entry_bodies, spider_nest_entry_webs,
          portal_ice_cave_demonic_guard, cheibrodos_lair_caveside_slide
Lair:3:   layout_small_grid, grunt_megastairs_2, minmay_lair_oklob_chamber,
          infiniplex_staircase_pool_2
Lair:4:   layout_gridlike
Lair:5:   layout_loops_ring, minmay_slime_entry_oklob_open
Lair:6:   evilmike_catoblepas_cave, layout_loops_ring, fungi_pond_lemuel
Orc:1:    layout_caves, lightli_church_of_beogh, uniq_maurice
Orc:2:    st_orc_elflike, layout_caves, serial_shops, shop_statue,
          minmay_orc_treasury
Elf:1:    layout_gridlike, serial_shops, shop_fountains, shop,
          hangedman_elf_disciples, minmay_misc_feat_rows,
          nicolae_elf_big_sculpture_3, uniq_roxanne
Elf:2:    layout_onion_city, serial_shops, shop
Elf:3:    minmay_elf_hall_statues, layout_gridlike, serial_shops,
          nicolae_shop_overgrown_old_shop, shop, nicolae_elf_stair_hall,
          nicolae_elf_big_sculpture_1, minmay_elf_annihilation

Skill      XL: |  1  2  3  4  5  6  7  8  9 10 11 12 13 14 15 16 17 18 |
---------------+-------------------------------------------------------+-----
Stealth        | 2 3 4 5 7 8 9 10 11 12 13 | 13.0
Spellcasting   | 3 4 5 6 7 9 10 11 12 13 14 15 16 | 16.3
Dodging        | 3 4 6 7 8 9 10 11 12 13 14 15 | 15.1
Fighting       | 1 2 4 5 6 8 9 10 11 12 13 | 13.7
Maces & Flails | 1 4 5 6 8 |  8.0
Invocations    | 3 |  3.9
Armour         | 2 |  2.5

Action                   |  1- 3 |  4- 6 |  7- 9 | 10-12 | 13-15 | 16-18 || total
-------------------------+-------+-------+-------+-------+-------+-------++-------
Melee: Dagger            |       |       |     2 |    33 |       |       ||    35
       Demon whip        |       |       |       |       |    57 |       ||    57
       Lajatang          |       |       |       |       |    28 |     1 ||    29
 Cast: Shock             |    91 |    93 |    41 |    11 |     1 |       ||   237
       Airstrike         |       |    13 |    81 |   155 |   463 |   561 ||  1273
       Sandblast         |       |     7 |     3 |       |     1 |     1 ||    12
       Slow              |       |     1 |     2 |     9 |     2 |       ||    14
       Lightning Bolt    |       |       |     4 |    23 |    81 |   101 ||   209
       Olgreb's Toxic Ra |       |       |     4 |    80 |    48 |    10 ||   142
       Static Discharge  |       |       |       |    19 |    38 |       ||    57
       Swiftness         |       |       |       |     1 |     1 |     1 ||     3
       Cause Fear        |       |       |       |    79 |    33 |     1 ||   113
       Metabolic Englaci |       |       |       |       |    15 |    18 ||    33
       Death Channel     |       |       |       |       |     4 |     6 ||    10
       Wereblood         |       |       |       |       |     1 |       ||     1
  Use: Scroll            |       |     2 |       |     1 |    13 |    13 ||    29
       Potion            |       |       |       |       |       |    10 ||    10
 Stab: Sleeping          |       |       |       |       |     2 |       ||     2
Armor: Robe              |     7 |     2 |       |    18 |    18 |    10 ||    55
       Steam dragon scal |       |       |     3 |       |       |       ||     3
Dodge: Dodged            |    13 |     7 |     6 |    81 |   145 |    97 ||   349
Block: Other             |       |       |       |    16 |    39 |    21 ||    76
       Reflection        |       |       |       |     2 |     4 |     6 ||    12

Table legend: (Time is in decaauts)
 A = Elapsed time spent in this place.
 B = Non-inter-level travel time spent in this place.
 C = Inter-level travel time spent in this place.
 D = Time resting spent in this place.
 E = Time spent auto-exploring this place.
 F = Levels seen in this place.
 G = Mean time per level.
                   A        B        C        D        E       F      G
               +--------+--------+--------+--------+--------+-----+--------+
         Total |  45403 |  43130 |   2273 |  15512 |  21315 |  28 | 1621.5 |
       Dungeon |  21873 |  20464 |   1409 |   6109 |  12256 |  15 | 1458.2 |
        Temple |    354 |    339 |     15 |    204 |    109 |   1 |  354.0 |
          Lair |   7484 |   7195 |    289 |   1204 |   5029 |   6 | 1247.3 |
  Orcish Mines |   5167 |   4875 |    292 |   2434 |   1481 |   2 | 2583.5 |
   Elven Halls |   8040 |   7773 |    267 |   4038 |   2128 |   3 | 2680.0 |
      Ice Cave |   2483 |   2483 |      0 |   1523 |    312 |   1 | 2483.0 |
               +--------+--------+--------+--------+--------+-----+--------+

Top non-repeatable levels by time:
   Elf:3: 4608 daAuts
   Orc:2: 2621 daAuts
   Orc:1: 2545 daAuts
   IceCv: 2483 daAuts
     D:1: 2230 daAuts
    D:10: 1860 daAuts
     D:5: 1849 daAuts
   Elf:1: 1716 daAuts
   Elf:2: 1715 daAuts
  Lair:6: 1639 daAuts
     D:2: 1617 daAuts
     D:3: 1548 daAuts
  Lair:2: 1517 daAuts
    D:14: 1434 daAuts
     D:8: 1416 daAuts
